[Event "November 21 Early 2023"]
[Site "https://www.chess.com"]
[Date "2023.11.21"]
[Round "10"]
[White "Volkov, Maksim"]
[Black "mind1mover"]
[Result "0-1"]
[Board "43"]
[TimeControl "180+1"]
[WhiteFideId "54123070"]
[WhiteElo "2293"]
[BlackElo "2865"]
[WhiteTeam "RUS"]
[WhiteClock "0:00:00"]
[BlackClock "0:00:44"]

1. d4 d5 2. c4 dxc4 3. Nf3 a6 4. e3 Bg4 5. Bxc4 e6 6. h3 Bh5 7. Nc3 Nc6 8. O-O Nf6 9. g4 Bg6 10. Re1 Be7 11. e4 O-O 12. Bf1 Bb4 13. Bg5 h6 14. Bh4 Be7 15. Bg3 Bb4 16. Bh4 Be7 17. Bg3 Re8 18. a3 b5 19. d5 exd5 20. exd5 Na5 21. Ne5 Bh7 22. b4 Nb7 23. Nc6 Qd7 24. Bg2 Bd6 25. Bh4 g5 26. Qd4 Rxe1+ 27. Rxe1 Re8 28. Rxe8+ Nxe8 29. Bg3 Bxg3 30. fxg3 Nbd6 31. Qa7 Nf6 32. Qxa6 Qe8 33. Kh2 Qe3 34. Nxb5 Nde4 35. Qc8+ Kg7 36. Qxc7 Qf2 37. Nbd4 Nd2 38. Ne6+ Kh8 39. Qb8+ Ng8 40. Qe5+ f6 41. Qd4 Nf3+ 0-1

[Event "November 21 Early 2023"]
[Site "https://www.chess.com"]
[Date "2023.11.21"]
[Round "10"]
[White "Gokerkan, Cem Kaan"]
[Black "Nagare Kaivalya Sandip"]
[Result "1-0"]
[Board "44"]
[TimeControl "180+1"]
[WhiteFideId "6336760"]
[BlackFideId "25957929"]
[WhiteElo "2365"]
[BlackElo "2024"]
[WhiteTeam "TUR"]
[BlackTeam "IND"]
[WhiteClock "0:00:55"]
[BlackClock "0:00:08"]

1. e4 e5 2. Nf3 Nc6 3. Bc4 Nf6 4. d3 Bc5 5. c3 d6 6. Nbd2 O-O 7. Bb3 Bb6 8. Nf1 Ne7 9. Ng3 Ng6 10. O-O c5 11. Re1 Be6 12. a4 h6 13. h3 Qd7 14. a5 Bc7 15. d4 cxd4 16. cxd4 Bxb3 17. Qxb3 Rab8 18. dxe5 Nxe5 19. Nd4 Nc6 20. Ndf5 Bxa5 21. Rd1 Qe6 22. Qf3 Ne5 23. Qf4 Bb4 24. Nd4 Qc4 25. Ngf5 Ng6 26. Qf3 Nd7 27. h4 Nde5 28. Qg3 h5 29. Qg5 Bc5 30. Qxh5 Nd3 31. Be3 Nxb2 32. Rdc1 Qd3 33. Qg4 Nc4 34. Rxc4 Qxc4 35. h5 Bxd4 36. Bxd4 Qe6 37. hxg6 fxg6 38. Nh6+ 1-0

[Event "November 21 Early 2023"]
[Site "https://www.chess.com"]
[Date "2023.11.21"]
[Round "10"]
[White "Galaktionov, Artem"]
[Black "Goryachkina, Aleksandra"]
[Result "1/2-1/2"]
[Board "45"]
[TimeControl "180+1"]
[WhiteFideId "24175471"]
[BlackFideId "4147103"]
[WhiteElo "2367"]
[BlackElo "2475"]
[WhiteTeam "RUS"]
[BlackTeam "FID"]
[WhiteClock "0:00:04"]
[BlackClock "0:00:06"]

1. d4 Nf6 2. Nf3 d5 3. c4 e6 4. Nc3 Nbd7 5. Bf4 dxc4 6. e3 b5 7. Nxb5 Bb4+ 8. Nc3 Nd5 9. Rc1 Bxc3+ 10. bxc3 Nxf4 11. exf4 O-O 12. Bxc4 Bb7 13. O-O c5 14. Ne5 Rc8 15. Be2 Nxe5 16. dxe5 Qa5 17. Qb3 Bc6 18. Rfd1 h6 19. Rd6 Be4 20. Ra6 Qd8 21. Rd1 Qh4 22. Qa4 Bd5 23. Rxa7 Rb8 24. Qc2 Qxf4 25. Ra5 Qg5 26. Bf1 c4 27. Qe2 Rb7 28. Qe3 Qf5 29. Ra7 Rb2 30. h3 Rfb8 31. Kh2 Rxf2 32. Kg1 Rbb2 33. Qg3 Qc2 34. Re1 Qd2 35. Ra1 Be4 36. Rc7 h5 37. Rc8+ Kh7 38. Rxc4 Rxf1+ 39. Rxf1 Qxg2+ 40. Qxg2 Rxg2+ 41. Kh1 Re2+ 42. Rxe4 Rxe4 43. Rxf7 Rxe5 44. Ra7 Re3 45. c4 Rxh3+ 46. Kg2 Rc3 47. Ra4 h4 48. c5 g5 49. Re4 Rxc5 50. Rxe6 Rc2+ 51. Kh3 Rxa2 52. Kg4 Rg2+ 53. Kf5 h3 54. Re7+ Kg8 55. Kf6 Rf2+ 56. Kxg5 h2 57. Re8+ Kf7 58. Rh8 Rg2+ 59. Kf4 Kf6 60. Kf3 Ra2 61. Kg3 Kg7 62. Rxh2 Rxh2 63. Kxh2 1/2-1/2

[Event "November 21 Early 2023"]
[Site "https://www.chess.com"]
[Date "2023.11.21"]
[Round "10"]
[White "BardArtem"]
[Black "Golubev, Mikhail"]
[Result "1-0"]
[Board "46"]
[TimeControl "180+1"]
[BlackFideId "14100983"]
[WhiteElo "2834"]
[BlackElo "2352"]
[BlackTeam "UKR"]
[WhiteClock "0:00:36"]
[BlackClock "0:00:00"]

1. e4 c5 2. c3 Nf6 3. e5 Nd5 4. Nf3 Nc6 5. Bc4 Nb6 6. Bb3 d6 7. exd6 Qxd6 8. O-O c4 9. Bc2 g6 10. Re1 Bg7 11. Na3 O-O 12. b3 Nb4 13. Nxc4 Nxc4 14. bxc4 Nxc2 15. Qxc2 Bf5 16. Qb3 Bd3 17. Ba3 Qa6 18. Bxe7 Bxc4 19. Qb4 Rfe8 20. a4 Bd5 21. Qd6 Qxd6 22. Bxd6 Red8 23. Bf4 a5 24. Be3 Ra6 25. Nd4 Re8 26. f3 h5 27. Rab1 Rd6 28. Nb5 Rd7 29. Bd4 Rxe1+ 30. Rxe1 Bc6 31. Bxg7 Kxg7 32. d4 Bxb5 33. axb5 Rc7 34. Rc1 Rc4 35. Kf2 a4 36. Ke3 a3 37. Kd3 Ra4 38. Ra1 a2 39. Kc2 Ra5 40. c4 Ra3 41. d5 1-0

[Event "November 21 Early 2023"]
[Site "https://www.chess.com"]
[Date "2023.11.21"]
[Round "10"]
[White "Maltsevskaya, Aleksandra"]
[Black "Klukin, Kirill"]
[Result "0-1"]
[Board "47"]
[TimeControl "180+1"]
[WhiteFideId "24174041"]
[BlackFideId "24199273"]
[WhiteElo "2296"]
[BlackElo "2344"]
[WhiteTeam "POL"]
[BlackTeam "RUS"]
[WhiteClock "0:00:00"]
[BlackClock "0:00:44"]

1. Nf3 c5 2. g3 Nc6 3. Bg2 g6 4. O-O Bg7 5. d3 e6 6. e4 Nge7 7. Nbd2 O-O 8. a4 d5 9. exd5 Nxd5 10. Nc4 b6 11. a5 b5 12. Ne3 a6 13. Nxd5 exd5 14. Bg5 Qd7 15. Qd2 Re8 16. c3 Bb7 17. Bh6 Bh8 18. Rfe1 d4 19. Ng5 dxc3 20. bxc3 Ne5 21. Bxb7 Qxb7 22. d4 cxd4 23. cxd4 Ng4 24. Nh3 Nxh6 25. Qxh6 Bxd4 26. Rad1 Qf3 27. Qxh7+ Kxh7 28. Ng5+ Kg7 29. Nxf3 Bc3 30. Rxe8 Rxe8 31. Rd7 Kf6 32. Ra7 Re6 33. h4 b4 34. Ng5 Rc6 35. Kg2 Ke5 36. Rd7 f6 37. f4+ Kf5 38. Rd5+ Be5 39. fxe5 fxg5 40. hxg5 Ke6 41. Rd3 Kxe5 42. Rb3 Rc4 0-1

[Event "November 21 Early 2023"]
[Site "https://www.chess.com"]
[Date "2023.11.21"]
[Round "10"]
[White "Vasquez Schroeder, Rodrigo"]
[Black "Skatchkov, Valery"]
[Result "1-0"]
[Board "48"]
[TimeControl "180+1"]
[WhiteFideId "3400042"]
[BlackFideId "24195812"]
[WhiteElo "2582"]
[BlackElo "2320"]
[WhiteTeam "CHI"]
[BlackTeam "RUS"]
[WhiteClock "0:01:15"]
[BlackClock "0:00:01"]

1. e4 e5 2. Nf3 Nf6 3. d3 Nc6 4. c3 d5 5. Nbd2 Bc5 6. Be2 a5 7. O-O O-O 8. b3 h6 9. a3 b5 10. Bb2 Be6 11. b4 Bb6 12. Qc2 Qd7 13. Rad1 Rfd8 14. Nb3 Qe7 15. h3 dxe4 16. dxe4 axb4 17. cxb4 Rxd1 18. Bxd1 Bc4 19. Re1 Qd6 20. Be2 Nxe4 21. Qxe4 Bxb3 22. Bd3 g6 23. Bxb5 Bd5 24. Qg4 h5 25. Qg3 e4 26. Qxd6 cxd6 27. Rd1 Ne7 28. Ng5 Bb7 29. Rxd6 Bc7 30. Rd7 Nd5 31. Bc4 Rd8 32. Rxd8+ Bxd8 33. Nxe4 Nb6 34. Bd3 Na4 35. Bd4 Be7 36. Nc5 Bxc5 37. bxc5 Bc6 38. f3 Kf8 39. Kf2 Ke7 40. Ke3 Ke6 41. g4 Kd5 42. Be4+ 1-0

[Event "November 21 Early 2023"]
[Site "https://www.chess.com"]
[Date "2023.11.21"]
[Round "10"]
[White "Bodnaruk, Anastasia"]
[Black "Begmuratov, Alisher"]
[Result "0-1"]
[Board "49"]
[TimeControl "180+1"]
[WhiteFideId "4181751"]
[BlackFideId "14203367"]
[WhiteElo "2260"]
[BlackElo "2387"]
[WhiteTeam "RUS"]
[BlackTeam "UZB"]
[WhiteClock "0:00:00"]
[BlackClock "0:00:40"]

1. e4 c6 2. d4 d5 3. e5 Bf5 4. Nf3 e6 5. Be2 c5 6. O-O Nc6 7. Be3 Nge7 8. c3 cxd4 9. Nxd4 Nxd4 10. cxd4 Nc6 11. Nc3 Bb4 12. Rc1 O-O 13. Bd3 Bxd3 14. Qxd3 Rc8 15. Ne2 Qa5 16. a3 Be7 17. b4 Qb6 18. f4 a6 19. f5 exf5 20. Ng3 g6 21. Kh1 Qb5 22. Qd2 Na7 23. Bh6 Rxc1 24. Rxc1 Rc8 25. Bg5 Bf8 26. Bf6 Rxc1+ 27. Qxc1 Qd3 28. Qe1 Qxd4 29. Ne2 Qe3 30. Qd1 Nc6 31. Ng1 Nxe5 32. Qxd5 Ng4 33. Bh4 Qxa3 34. Qxb7 Qxb4 35. Qxa6 Nxh2 36. Bf6 Ng4 37. Ba1 Nf2+ 38. Kh2 Qh4+ 39. Nh3 Nxh3 40. gxh3 Qf2+ 41. Kh1 Qf1+ 42. Kh2 Qxa6 0-1

[Event "November 21 Early 2023"]
[Site "https://www.chess.com"]
[Date "2023.11.21"]
[Round "10"]
[White "Djordjevic, Vuk"]
[Black "Bettalli, Francesco"]
[Result "1-0"]
[Board "50"]
[TimeControl "180+1"]
[WhiteFideId "902098"]
[BlackFideId "2816453"]
[WhiteElo "2425"]
[BlackElo "2226"]
[WhiteTeam "SRB"]
[BlackTeam "ITA"]
[WhiteClock "0:00:58"]
[BlackClock "0:00:17"]

1. d4 Nf6 2. Bg5 g6 3. Bxf6 exf6 4. c4 Bg7 5. Nc3 O-O 6. g3 d6 7. Bg2 Nc6 8. e3 Re8 9. Nge2 Bg4 10. h3 Bxe2 11. Nxe2 f5 12. Rb1 Qd7 13. b4 a6 14. O-O h5 15. h4 Rab8 16. b5 axb5 17. cxb5 Nd8 18. Qb3 Ne6 19. Rfc1 Kh7 20. a4 f6 21. a5 g5 22. Qd3 Nd8 23. a6 d5 24. Rc5 bxa6 25. Rxd5 Qe6 26. Rxf5 Kh8 27. hxg5 axb5 28. gxf6 Bh6 29. Rbxb5 Rxb5 30. Qxb5 c6 31. Qd3 Nf7 32. Nf4 Bxf4 33. Rxh5+ Bh6 34. Qg6 1-0

[Event "November 21 Early 2023"]
[Site "https://www.chess.com"]
[Date "2023.11.21"]
[Round "10"]
[White "Ilkhomi, Jaloliddin"]
[Black "Gubajdullin, Alexei"]
[Result "0-1"]
[Board "51"]
[TimeControl "180+1"]
[WhiteFideId "14700948"]
[BlackFideId "4141202"]
[WhiteElo "2054"]
[BlackElo "2280"]
[WhiteTeam "TJK"]
[BlackTeam "RUS"]
[WhiteClock "0:00:00"]
[BlackClock "0:00:19"]

1. Nf3 Nf6 2. d4 g6 3. Bg5 Bg7 4. Nbd2 O-O 5. e4 d6 6. c3 Nc6 7. Bc4 e5 8. O-O h6 9. Bxf6 Qxf6 10. dxe5 Nxe5 11. Nxe5 dxe5 12. Qe2 h5 13. Rfd1 h4 14. h3 Bd7 15. Nf3 Rad8 16. Rd2 Bh6 17. Rd3 Bc8 18. Rad1 Bf4 19. a4 Kg7 20. b4 Rxd3 21. Rxd3 Rd8 22. a5 a6 23. Rd1 Rxd1+ 24. Qxd1 Qd6 25. Qxd6 cxd6 26. Bd5 Bc1 27. Kf1 Bb2 28. c4 Bc3 29. b5 Bxa5 30. Nxh4 Kf6 31. Nf3 Ke7 32. Ke2 f6 33. Kd3 Bb6 34. Nh4 g5 35. Ng6+ Kd8 36. f3 a5 37. Kc3 Bd7 38. Nf8 Bc8 39. Kb3 Ke7 40. Ng6+ Ke8 41. Ka4 Bd8 42. g4 Bb6 43. h4 gxh4 44. Nxh4 Kd8 45. Ng6 Ke8 46. Nh8 Bc7 47. Nf7 b6 48. Nh6 Kf8 49. Ng8 Bd8 50. Nh6 Bd7 0-1

[Event "November 21 Early 2023"]
[Site "https://www.chess.com"]
[Date "2023.11.21"]
[Round "10"]
[White "Pham, Le Thao Nguyen"]
[Black "Orujov2008"]
[Result "0-1"]
[Board "52"]
[TimeControl "180+1"]
[WhiteFideId "12401226"]
[WhiteElo "2261"]
[BlackElo "2739"]
[WhiteTeam "VIE"]
[WhiteClock "0:00:00"]
[BlackClock "0:00:42"]

1. d4 d5 2. Nf3 Nf6 3. Bf4 c5 4. e3 Nc6 5. Nbd2 Bg4 6. c3 e6 7. Qb3 Qc8 8. h3 c4 9. Qd1 Bf5 10. Be2 h6 11. O-O Be7 12. Re1 g5 13. Bh2 Rg8 14. g4 Bg6 15. Bf1 h5 16. Ne5 hxg4 17. hxg4 Bd6 18. e4 Bxe5 19. dxe5 Nxe4 20. Nxe4 Bxe4 21. Bxc4 Qc7 22. Bd3 Bxd3 23. Qxd3 O-O-O 24. Bg3 Rh8 25. a4 d4 26. Rac1 dxc3 27. Qxc3 Qd7 28. b4 Qd5 29. f3 a6 30. Qc5 Qa2 31. b5 Rd2 32. Bf2 Rxf2 33. Qxf2 Rh1+ 34. Kxh1 Qxf2 35. bxc6 Qxf3+ 36. Kh2 bxc6 37. Rf1 Qxg4 38. Rxc6+ Kb7 39. Rfc1 Qf4+ 40. Kh3 Qf3+ 41. Kh2 Qxc6 42. Rxc6 Kxc6 43. Kg3 Kd5 0-1

[Event "November 21 Early 2023"]
[Site "https://www.chess.com"]
[Date "2023.11.21"]
[Round "10"]
[White "NelsonLinda"]
[Black "Aradhya, Garg"]
[Result "1/2-1/2"]
[Board "53"]
[TimeControl "180+1"]
[BlackFideId "25006746"]
[WhiteElo "2581"]
[BlackElo "2323"]
[BlackTeam "IND"]
[WhiteClock "0:00:07"]
[BlackClock "0:00:20"]

1. b3 e5 2. Bb2 Nc6 3. e3 Nf6 4. c4 d5 5. cxd5 Qxd5 6. a3 Bf5 7. Nc3 Qd7 8. Rc1 O-O-O 9. Na4 Bd3 10. Bxd3 Qxd3 11. Qc2 Ne4 12. Nf3 f6 13. Qxd3 Rxd3 14. Nc3 Nc5 15. Ke2 Rd7 16. b4 Nd3 17. Rb1 Be7 18. Rhd1 Rhd8 19. Ne1 a6 20. Nxd3 Rxd3 21. Na2 R3d5 22. Bc3 e4 23. f3 Rg5 24. Rg1 f5 25. f4 Rh5 26. a4 b5 27. axb5 axb5 28. h3 g5 29. Rbf1 Rg8 30. g4 fxg4 31. hxg4 Rh2+ 32. Kd1 gxf4 33. Rxf4 h5 34. Rxe4 h4 35. Nc1 h3 36. Ne2 Rg2 37. Rh1 h2 38. Ke1 Bd6 39. Kf1 R2xg4 40. Rxg4 Rxg4 41. Nf4 Bxf4 42. exf4 Rxf4+ 43. Kg2 Rh4 44. Rxh2 Rxh2+ 45. Kxh2 Kd7 46. Kg3 Ke6 47. Kf3 Kd5 48. d3 Nd4+ 49. Ke3 Ne6 50. Kd2 c6 51. Ke3 Nc7 52. Bd2 Ne8 53. Be1 Nd6 54. Kd2 Nf5 55. Kc3 Ne3 56. Bg3 Nd1+ 57. Kd2 Nb2 58. Kc2 Na4 59. Bf2 Ke5 60. Kb3 Kf4 61. Kc2 Kf3 62. Ba7 Ke2 63. Bd4 Kf3 64. Ba7 Kf4 65. Bg1 Ke5 66. Bf2 Kd5 67. Bg1 Kd6 68. Bf2 Kc7 69. Kb3 Nb6 70. Bxb6+ Kxb6 71. Kc3 Kc7 72. Kd4 Kd6 73. Ke4 Ke6 74. d4 Kd6 75. Ke3 Ke6 76. Ke4 Kd6 77. Ke3 Kd7 78. Ke4 Ke6 79. Ke3 Kf5 80. Kf3 Kf6 81. Kf4 Ke6 82. Ke4 1/2-1/2

[Event "November 21 Early 2023"]
[Site "https://www.chess.com"]
[Date "2023.11.21"]
[Round "10"]
[White "Zakaryan, David"]
[Black "elmusmolamas"]
[Result "1-0"]
[Board "54"]
[TimeControl "180+1"]
[WhiteFideId "24101923"]
[WhiteElo "2323"]
[BlackElo "2566"]
[WhiteTeam "RUS"]
[WhiteClock "0:01:47"]
[BlackClock "0:00:55"]

1. e4 c5 2. Nf3 d6 3. d4 cxd4 4. Nxd4 Nf6 5. Nc3 a6 6. h3 e6 7. g4 Be7 8. g5 Nfd7 9. h4 Nc6 10. Be3 Qa5 11. Qd2 Rb8 12. O-O-O Nde5 13. f4 Ng4 14. Bg1 h5 15. Kb1 Nxd4 16. Qxd4 e5 17. Qa7 O-O 18. Qxb8 exf4 19. Nd5 Be6 20. Nxe7+ Kh7 21. Qxf8 Qxa2+ 22. Kc1 Qa1+ 23. Kd2 Qa5+ 24. c3 1-0

[Event "November 21 Early 2023"]
[Site "https://www.chess.com"]
[Date "2023.11.21"]
[Round "10"]
[White "Kazmin_Semyon"]
[Black "Sattarov, Bobir"]
[Result "0-1"]
[Board "55"]
[TimeControl "180+1"]
[BlackFideId "14203081"]
[WhiteElo "2543"]
[BlackElo "2351"]
[BlackTeam "UZB"]
[WhiteClock "0:00:00"]
[BlackClock "0:00:26"]

1. e4 e5 2. Nf3 Nc6 3. Bc4 Bc5 4. c3 Qf6 5. d3 h6 6. Be3 d6 7. b4 Bb6 8. Nbd2 Nge7 9. a4 a6 10. Bxb6 cxb6 11. Nf1 Bg4 12. Ne3 Bd7 13. Nd5 Nxd5 14. Bxd5 O-O 15. O-O Rac8 16. Qb3 Rc7 17. Nd2 Ne7 18. Nc4 Nxd5 19. exd5 b5 20. Nb6 bxa4 21. Nxa4 Qg6 22. Qc2 Rfc8 23. Nb6 Rxc3 24. Nxc8 Rxc8 25. Qd2 Bf5 26. Ra3 Qg4 27. f4 e4 28. dxe4 Bxe4 29. Rg3 Qf5 30. Rd1 f6 31. Qd4 Rc2 32. Re1 Bxd5 33. Re8+ Kf7 34. Qe3 Rc7 35. h3 h5 36. Rh8 Re7 37. Rxg7+ Kxg7 38. Qxe7+ Kxh8 39. Qf8+ Kh7 40. Qe7+ Kg6 41. Qxd6 Qe4 42. f5+ Kxf5 43. Qd7+ Kg6 44. Kf2 Qd4+ 45. Kg3 Qe3+ 46. Kh2 Qe4 0-1

[Event "November 21 Early 2023"]
[Site "https://www.chess.com"]
[Date "2023.11.21"]
[Round "10"]
[White "Yeletsky, Ivan"]
[Black "Ferreira, Vitor Hugo Vieira"]
[Result "1-0"]
[Board "56"]
[TimeControl "180+1"]
[WhiteFideId "24180327"]
[BlackFideId "2119765"]
[WhiteElo "2358"]
[BlackElo "2123"]
[WhiteTeam "RUS"]
[BlackTeam "BRA"]
[WhiteClock "0:00:06"]
[BlackClock "0:00:00"]

1. d4 d5 2. c4 c6 3. Nf3 Nf6 4. Nc3 e6 5. Bg5 Nbd7 6. e3 Qa5 7. Nd2 Bb4 8. Qc2 O-O 9. Be2 dxc4 10. Bxf6 Nxf6 11. Nxc4 Qg5 12. O-O c5 13. a3 Bxc3 14. bxc3 cxd4 15. cxd4 b6 16. Bf3 Rb8 17. Ne5 Bb7 18. Bxb7 Rxb7 19. Rac1 Nd5 20. Qa4 h5 21. h3 Qe7 22. Qd1 g6 23. e4 Nf6 24. Qf3 Kg7 25. Nc6 Qd7 26. g4 hxg4 27. hxg4 Rc7 28. Ne5 Qxd4 29. Rxc7 Qxe5 30. Rxa7 Rh8 31. Rd1 Rh4 32. Kf1 Rxg4 33. Rdd7 Qb5+ 34. Qd3 Qxd3+ 35. Rxd3 Nxe4 36. Ke2 Rf4 37. f3 Nc5 38. Rc3 e5 39. Re7 e4 40. fxe4 Nxe4 41. Rc6 Nf6 42. Rd6 Nh5 43. Rxb6 Ra4 44. Rbb7 Nf4+ 45. Kf3 Nd5 46. Rxf7+ Kh6 47. Ra7 Kg5 48. Rxa4 1-0

[Event "November 21 Early 2023"]
[Site "https://www.chess.com"]
[Date "2023.11.21"]
[Round "10"]
[White "Narayanan, Srinath"]
[Black "Khater, Sherif"]
[Result "1-0"]
[Board "57"]
[TimeControl "180+1"]
[WhiteFideId "5018420"]
[BlackFideId "2034280"]
[WhiteElo "2442"]
[BlackElo "2545"]
[WhiteTeam "IND"]
[BlackTeam "USA"]
[WhiteClock "0:00:27"]
[BlackClock "0:00:01"]

1. e4 a6 2. d4 c6 3. Nc3 d5 4. e5 Bf5 5. h3 e6 6. Bd3 Bxd3 7. Qxd3 Ne7 8. Nce2 Nf5 9. g4 Nh4 10. Nf3 Nxf3+ 11. Qxf3 c5 12. c3 Nc6 13. O-O h5 14. g5 g6 15. h4 Bg7 16. Be3 cxd4 17. cxd4 Ne7 18. Ng3 Qd7 19. Rac1 O-O 20. Bd2 Rac8 21. Bb4 Rfe8 22. Bxe7 Qxe7 23. Qb3 Bf8 24. Ne2 Qb4 25. Qxb4 Bxb4 26. Rfd1 Kf8 27. Kg2 Ke7 28. Kf3 Kd7 29. Ke3 b5 30. Nf4 Be7 31. Nd3 Rxc1 32. Rxc1 Rc8 33. Rxc8 Kxc8 34. Kd2 Kc7 35. Kc3 Kb6 36. Kb3 a5 37. a4 Kc6 38. Nc1 Kb6 39. Na2 b4 40. Nc1 Bf8 41. Kc2 Kc6 42. Kd3 Be7 43. Ke3 Bd8 44. Nb3 Bb6 45. Kd3 Kd7 46. Nd2 Kc7 47. Nf1 Kc6 48. Ne3 Kd7 49. Ng2 Kc6 50. Nf4 Kd7 51. Ke3 Kc6 52. Nd3 Kc7 53. Ne1 Kd7 54. Kd3 Kc7 55. Ng2 Kd7 56. Ne3 Kc7 57. f4 Kd7 58. f5 gxf5 59. Ng2 Ke7 60. Nf4 Kf8 61. Nxh5 Bd8 62. Ke3 Kg8 63. Ng3 Bb6 64. h5 f4+ 65. Kxf4 Bxd4 66. b3 Bb2 67. Ne2 Kg7 68. Ng1 Bc1+ 69. Kg4 Bb2 70. Nf3 Bc3 71. Kf4 Bb2 72. Ke3 Bc3 73. Nd4 Bxd4+ 74. Kxd4 Kh7 75. Kc5 Kg7 76. Kb5 1-0

[Event "November 21 Early 2023"]
[Site "https://www.chess.com"]
[Date "2023.11.21"]
[Round "10"]
[White "Korchmar, Vasiliy"]
[Black "Alinasab, Mobina"]
[Result "0-1"]
[Board "58"]
[TimeControl "180+1"]
[WhiteFideId "24131750"]
[BlackFideId "12528897"]
[WhiteElo "2372"]
[BlackElo "2052"]
[WhiteTeam "RUS"]
[BlackTeam "IRI"]
[WhiteClock "0:01:12"]
[BlackClock "0:00:08"]

1. e4 c5 2. d4 cxd4 3. Qxd4 d6 4. Nc3 Nc6 5. Qd3 g6 6. Nf3 Bg7 7. Be2 Nf6 8. O-O O-O 9. Nd5 Bg4 10. c3 Rc8 11. Bg5 Nd7 12. Qe3 Bxf3 13. Bxf3 f6 14. Bh6 e6 15. Bxg7 Kxg7 16. Nf4 Qe7 17. Bg4 Nd8 18. Qxa7 Ne5 19. Be2 Ndc6 20. Qb6 f5 21. exf5 Rxf5 22. Nd3 Nc4 23. Qb3 Nd2 24. Qb6 Nxf1 25. Rxf1 Ne5 26. Nxe5 Rxe5 27. Bf3 Qc7 28. Qd4 Qc5 29. Qh4 Rc7 30. Rd1 Rf7 31. a4 d5 32. a5 Ref5 33. Ra1 Rf4 34. Qg5 h6 35. Qe5+ R4f6 36. a6 bxa6 37. Rxa6 Qe7 38. b4 Kh7 39. h4 Qc7 40. Rxe6 Rxe6 41. Qxe6 Re7 42. Qf6 Re1# 0-1

[Event "November 21 Early 2023"]
[Site "https://www.chess.com"]
[Date "2023.11.21"]
[Round "10"]
[White "Graca, Robert"]
[Black "Krzyzanowski, Marcin"]
[Result "0-1"]
[Board "59"]
[TimeControl "180+1"]
[WhiteFideId "644943"]
[BlackFideId "1132199"]
[WhiteElo "2204"]
[BlackElo "2471"]
[WhiteTeam "FRA"]
[BlackTeam "POL"]
[WhiteClock "0:00:11"]
[BlackClock "0:00:57"]

1. Nf3 d5 2. d4 Nf6 3. c4 e6 4. Bg5 dxc4 5. Nc3 h6 6. Bxf6 Qxf6 7. e4 a6 8. Bxc4 b5 9. Bd3 Bb7 10. O-O Qd8 11. d5 exd5 12. exd5 Be7 13. Re1 O-O 14. Qe2 Bf6 15. Ne5 Re8 16. f4 Nd7 17. Qh5 Bxe5 18. fxe5 Qg5 19. Qxg5 hxg5 20. e6 fxe6 21. dxe6 Nc5 22. Bf5 Kf8 23. b4 g6 24. bxc5 gxf5 25. Re5 f4 26. Rae1 Ke7 27. Rxg5 Rg8 28. Nd5+ Bxd5 29. Rxd5 Rad8 30. Rf5 Rd2 31. Rf7+ Ke8 32. Rxf4 Rgxg2+ 33. Kf1 Rxh2 34. Kg1 Rdg2+ 35. Kf1 Rxa2 36. e7 Rh1# 0-1

[Event "November 21 Early 2023"]
[Site "https://www.chess.com"]
[Date "2023.11.21"]
[Round "10"]
[White "Timerkhanov, Alexander"]
[Black "NovoselovRoman"]
[Result "1-0"]
[Board "60"]
[TimeControl "180+1"]
[WhiteFideId "24177938"]
[WhiteElo "2278"]
[BlackElo "2532"]
[WhiteTeam "RUS"]
[WhiteClock "0:00:34"]
[BlackClock "0:00:00"]

1. d4 d5 2. Bf4 e6 3. e3 Bd6 4. Bg3 Ne7 5. Bd3 c5 6. c3 Nbc6 7. Nf3 f6 8. Nbd2 e5 9. dxe5 fxe5 10. e4 d4 11. Bc4 Bg4 12. h3 Bh5 13. Qa4 a6 14. Qc2 h6 15. a4 Rb8 16. O-O Bc7 17. cxd4 exd4 18. e5 Bg6 19. Bd3 Bxd3 20. Qxd3 O-O 21. Ne4 b6 22. Nd6 Nxe5 23. Nxe5 Bxd6 24. Qc4+ Kh7 25. Nf7 Rxf7 26. Qxf7 Ng6 27. Rae1 Bxg3 28. fxg3 Qg5 29. g4 Rf8 30. Qc4 Rxf1+ 31. Rxf1 Qe3+ 32. Kh1 d3 33. Qc3 d2 34. Rd1 Nf4 35. Qxe3 1-0

[Event "November 21 Early 2023"]
[Site "https://www.chess.com"]
[Date "2023.11.21"]
[Round "10"]
[White "Herman, Matthew"]
[Black "Al-Tarboush, Ward"]
[Result "0-1"]
[Board "61"]
[TimeControl "180+1"]
[WhiteFideId "2028964"]
[BlackFideId "7601450"]
[WhiteElo "2368"]
[BlackElo "2280"]
[WhiteTeam "USA"]
[BlackTeam "NOR"]
[WhiteClock "0:00:00"]
[BlackClock "0:01:14"]

1. e4 e6 2. d4 d5 3. Nd2 c5 4. exd5 Qxd5 5. Ngf3 cxd4 6. Bc4 Qd6 7. O-O Nf6 8. Re1 Nc6 9. Ne4 Nxe4 10. Rxe4 e5 11. Ng5 Nd8 12. f4 Be7 13. Rxe5 O-O 14. Ne4 Qc7 15. Bd3 Nc6 16. Rh5 g6 17. f5 gxh5 18. Qxh5 f6 19. Bh6 Ne5 20. Rf1 Rf7 21. Rf4 Bd7 0-1

[Event "November 21 Early 2023"]
[Site "https://www.chess.com"]
[Date "2023.11.21"]
[Round "10"]
[White "Skliarov, Viktor"]
[Black "vishwa_vijeta"]
[Result "1-0"]
[Board "62"]
[TimeControl "180+1"]
[WhiteFideId "14106736"]
[WhiteElo "2304"]
[BlackElo "2524"]
[WhiteTeam "UKR"]
[WhiteClock "0:02:02"]
[BlackClock "0:02:19"]

1. e4 c5 2. Nf3 d6 3. d4 cxd4 4. Qxd4 Nc6 5. Bb5 Bd7 6. Bxc6 Bxc6 7. Nc3 Nf6 8. Bg5 e6 9. O-O-O Be7 10. Rhe1 O-O 11. Kb1 h6 12. Bh4 Qa5 13. Qd2 Rad8 14. Nd5 Qxd2 15. Nxe7+ Kh7 16. Nxd2 Bd7 17. Nc4 d5 1-0

[Event "November 21 Early 2023"]
[Site "https://www.chess.com"]
[Date "2023.11.21"]
[Round "10"]
[White "Souleidis, Georgios"]
[Black "Hajiyev, Kanan"]
[Result "0-1"]
[Board "63"]
[TimeControl "180+1"]
[WhiteFideId "4206827"]
[BlackFideId "13404148"]
[WhiteElo "2401"]
[BlackElo "2102"]
[WhiteTeam "GRE"]
[BlackTeam "AZE"]
[WhiteClock "0:00:00"]
[BlackClock "0:01:08"]

1. e4 c6 2. Nc3 d5 3. Nf3 a6 4. d4 Bg4 5. h3 Bh5 6. exd5 cxd5 7. g4 Bg6 8. Ne5 Nc6 9. h4 Nxe5 10. dxe5 h5 11. Nxd5 e6 12. Nc3 Qxd1+ 13. Kxd1 O-O-O+ 14. Bd2 hxg4 15. Ke2 Bxc2 16. Rc1 Bd3+ 17. Ke1 Bxf1 18. Ne4+ Kb8 19. Rxf1 f5 20. exf6 gxf6 21. Bc3 e5 22. Nxf6 Nxf6 23. Bxe5+ Bd6 24. Bxf6 Bb4+ 0-1

[Event "November 21 Early 2023"]
[Site "https://www.chess.com"]
[Date "2023.11.21"]
[Round "10"]
[White "Aaditya Dhingra"]
[Black "Orlov, Georgi"]
[Result "1-0"]
[Board "64"]
[TimeControl "180+1"]
[WhiteFideId "25678191"]
[BlackFideId "2011271"]
[WhiteElo "2269"]
[BlackElo "2520"]
[WhiteTeam "IND"]
[BlackTeam "USA"]
[WhiteClock "0:00:14"]
[BlackClock "0:00:00"]

1. e4 c5 2. Nf3 e6 3. c3 d5 4. e5 Bd7 5. d4 Qb6 6. a3 Nc6 7. b4 cxd4 8. cxd4 Rc8 9. Be3 Nh6 10. Bd3 Nf5 11. Bxf5 exf5 12. O-O h6 13. Ra2 Qd8 14. Rc2 Be6 15. Nc3 Be7 16. Ne1 O-O 17. Nd3 b6 18. Nf4 Qd7 19. Qd3 g5 20. Nxe6 fxe6 21. Rfc1 Nb8 22. Ne2 a6 23. h4 b5 24. hxg5 hxg5 25. f4 g4 26. Rc5 Bxc5 27. dxc5 Nc6 28. Kf2 Kf7 29. Bd2 Rh8 30. a4 Qb7 31. Rb1 Rcg8 32. axb5 axb5 33. Nc3 g3+ 34. Ke2 d4 35. Nxb5 Qa8 36. Nd6+ Ke7 37. Qf3 Rb8 38. b5 Qa2 39. Qxc6 Qa7 40. Ra1 1-0

[Event "November 21 Early 2023"]
[Site "https://www.chess.com"]
[Date "2023.11.21"]
[Round "10"]
[White "Spata, German"]
[Black "Erzhanov, Arman"]
[Result "0-1"]
[Board "65"]
[TimeControl "180+1"]
[WhiteFideId "113026"]
[BlackFideId "4138821"]
[WhiteElo "2260"]
[BlackElo "2171"]
[WhiteTeam "ARG"]
[BlackTeam "KAZ"]
[WhiteClock "0:00:33"]
[BlackClock "0:02:26"]

1. e4 d6 2. d4 Nf6 3. f3 d5 4. e5 Ng8 5. Ne2 c5 6. c3 Nc6 7. Be3 Nh6 8. Ng3 Nf5 9. Nxf5 Bxf5 10. Bd3 Bxd3 11. Qxd3 e6 12. O-O Qb6 13. Nd2 Rc8 14. f4 g6 15. dxc5 Bxc5 16. Bxc5 Qxc5+ 17. Kh1 h5 18. Rad1 Qb6 19. b3 O-O 20. Nf3 Rfd8 21. f5 exf5 22. Qe3 Qxe3 0-1